Map: King's Cove LE

Players

libidas

  • Race: Zerg Zerg
  • League: Master
  • Spawn Location: 5:00

Mez - Winner!

  • Race: Terran Terran
  • League: Master
  • Spawn Location: 11:00

VOD

Have the link to the VOD?

Description

Time

  • Played on: Aug. 15, 2019, 8:35 a.m.
  • Length: 23:05
Show
View Real Time Build Order
Export as new Build Order

libidas Zerg 

Build Orders: Hatch First 

Get SALT Encoding   

  12  0:01  Drone  
  13  0:12  Overlord  
  13  0:18  Drone  
  14  0:31  Drone x2  
  14  0:34  Drone  
  17  0:53  Hatchery  
  17  0:56  Drone  
  17  1:00  Drone  
  17  1:03  Extractor  
  17  1:16  Spawning Pool  
  17  1:18  Drone  
  17  1:21  Drone  
  18  1:29  Drone  
  19  1:44  Overlord  
  19  2:06  Metabolic Boost, Queen  
  19  2:07  Zergling x2  
  19  2:08  Zergling x2  
  23  2:11  Queen  
  23  2:13  Drone x2  
  27  2:18  Drone  
  27  2:21  Drone  
  29  2:27  Drone  
  30  2:33  Spore Crawler  
  30  2:35  Drone  
  30  2:37  Drone  
  30  2:47  Extractor  
  30  2:50  Queen  
  31  3:03  Drone x4  
  36  3:17  Overlord  
  35  3:49  Drone x2  
  35  3:50  Drone x6  
  35  3:55  Hatchery  
  42  3:56  Overlord  
  42  4:00  Overlord  
  42  4:18  Drone x3, Extractor  
  42  4:22  Roach Warren  
  42  4:23  Lair  
  43  4:28  Drone x3  
  43  4:29  Drone, Extractor  
  46  4:35  Overlord x3  
  46  4:49  Evolution Chamber  
  46  4:52  Evolution Chamber  
  44  5:02  Roach  
  44  5:03  Roach x9  
  64  5:07  Roach  
  66  5:16  Roach x2  
  66  5:18  Roach  
  66  5:19  Zerg Missile Weapons Level 1  
  64  5:35  Glial Reconstitution  
  64  5:41  Drone x7  
  64  5:42  Drone  
  72  5:50  Zerg Ground Armor Level 1  
  72  6:00  Roach x2  
  72  6:01  Roach x3  
  82  6:09  Overlord  
  82  6:13  Overlord  
  82  6:18  Overlord x2  
  64  6:48  Drone  
  64  6:49  Drone x16  
  79  6:59  Extractor  
  79  7:00  Drone x2  
  79  7:01  Drone  
  79  7:05  Burrow  
  79  7:06  Hatchery  
  72  7:10  Tunneling Claws  
  72  7:13  Zerg Missile Weapons Level 2  
  72  7:15  Overseer  
  72  7:27  Roach  
  72  7:28  Roach x6  
  88  7:30  Roach  
  88  7:32  Roach  
  88  7:34  Roach  
  88  7:36  Roach  
  94  7:37  Roach  
  94  7:43  Extractor  
  95  7:44  Extractor  
  95  7:46  Roach  
  95  7:47  Roach x3  
  95  7:48  Roach  
  95  7:50  Roach  
  106  7:59  Drone  
  106  8:00  Drone x7  
  114  8:06  Overlord  
  114  8:07  Overlord x2  
  114  8:13  Roach x23  
  114  8:14  Zerg Ground Armor Level 2  
  114  8:22  Infestation Pit  
  114  8:26  Zergling x2, Roach x23  
  115  8:27  Zergling x2  
  115  8:35  Drone x3  
  115  8:36  Drone x5, Queen  
  115  8:38  Roach x21, Extractor  
  115  8:39  Roach x3  
  115  8:40  Roach  
  132  8:41  Extractor  
  132  8:44  Roach  
  128  9:06  Roach x21  
  128  9:08  Ravager  
  129  9:15  Drone  
  129  9:16  Drone x9  
  139  9:19  Hive  
  139  9:20  Spire  
  130  9:31  Hatchery  
  111  9:52  Roach x12  
  137  9:53  Roach x7  
  137  9:56  Overlord x3  
  137  9:59  Overlord  
  133  10:11  Roach  
  133  10:12  Roach x4  
  143  10:15  Ravager  
  144  10:22  Spore Crawler  
  144  10:24  Spore Crawler  
  142  10:31  Zerg Missile Weapons Level 3  
  142  10:32  Zerg Ground Armor Level 3, Roach x22  
  142  10:34  Greater Spire  
  142  10:36  Pathogen Glands  
  142  10:37  Infestor  
  142  10:38  Infestor x3  
  142  10:40  Roach x2  
  142  10:41  Roach x4  
  162  10:49  Roach  
  165  10:50  Roach x16  
  165  10:51  Roach x9  
  165  10:52  Roach x5  
  165  10:53  Roach  
  165  10:55  Overlord  
  179  11:12  Roach x9  
  179  11:16  Roach x7  
  179  11:17  Roach x3  
  173  11:37  Roach x13  
  157  12:03  Roach  
  157  12:04  Roach x6  
  157  12:06  Roach x4  
  157  12:07  Roach x6  
  189  12:24  Drone  
  189  12:28  Overlord x2  
  190  12:30  Zerg Flyer Weapons Level 1  
  190  12:49  Ravager x3  
  190  12:50  Ravager x7  
  117  13:46  Drone x3, Extractor  
  117  13:47  Drone x3, Extractor  
  121  14:01  Hatchery  
  121  14:02  Extractor  
  119  14:03  Extractor  
  119  14:09  Corruptor  
  118  14:10  Corruptor x7  
  118  14:12  Roach  
  118  14:13  Roach x19  
  118  14:14  Roach x8  
  190  14:26  Overseer  
  190  14:38  Overlord  
  190  14:39  Overlord  
  190  14:48  Queen  
  181  15:02  Roach x8  
  181  15:09  Drone x3  
  181  15:10  Drone x3  
  187  15:29  Ravager  
  187  15:33  Zerg Flyer Weapons Level 2  
  188  15:37  Brood Lord x6  
  190  16:44  Drone  
  191  16:58  Viper x3  
  200  17:18  Neural Parasite  
  200  17:20  Adrenal Glands  
  200  17:23  Zerg Melee Weapons Level 1  
  200  17:35  Evolution Chamber x2  
  198  17:37  Evolution Chamber  
  197  17:57  Zergling x4  
  180  18:19  Roach  
  120  18:20  Roach x20  
  120  18:26  Roach x12  
  120  18:27  Roach x15  
  172  18:28  Roach x6  
  172  18:29  Roach x5  
  172  18:31  Overseer  
  190  18:35  Roach x4  
  190  18:36  Roach  
  199  18:46  Roach  
  197  18:53  Hatchery, Roach  
  197  18:54  Roach x5  
  179  18:57  Roach  
  179  19:00  Roach x2  
  151  19:03  Roach x3  
  151  19:09  Hatchery  
  146  19:21  Extractor  
  146  19:24  Drone x2, Extractor  
  146  19:30  Ravager x10  
  146  19:31  Ravager x8  
  164  19:32  Corruptor x9  
  164  19:33  Corruptor x5  
  192  19:40  Hatchery  
  162  20:14  Queen  
  164  20:31  Drone x3, Infestor  
  164  20:32  Infestor x9  
  146  21:22  Brood Lord x7  
  160  21:25  Overseer  
  160  21:26  Drone  
  160  21:27  Drone  
  162  21:33  Drone x2  
  162  21:34  Drone  
  161  22:14  Corruptor x4  
  169  22:17  Drone  
  169  22:18  Drone x6  
  104  22:35  Roach  
  104  22:36  Roach x5  
  102  22:38  Roach  
  102  22:40  Roach  
  102  22:41  Roach  
  102  22:43  Roach  
Show
View Real Time Build Order
Export as new Build Order

Mez Terran - Winner!

Build Orders: Reaper Expand, Mech 

Get SALT Encoding   

  12  0:01  SCV  
  13  0:13  SCV  
  14  0:18  Supply Depot  
  14  0:25  SCV  
  15  0:40  SCV  
  15  0:41  Barracks  
  16  0:46  Refinery  
  16  0:53  SCV  
  17  1:05  SCV  
  18  1:18  SCV  
  19  1:30  Reaper, Orbital Command  
  20  1:44  Command Center  
  20  1:51  Supply Depot  
  20  1:56  SCV  
  21  2:03  Marine  
  22  2:08  SCV  
  22  2:15  Factory  
  23  2:20  SCV  
  24  2:25  Barracks Reactor  
  24  2:33  SCV  
  25  2:51  Engineering Bay  
  25  2:53  SCV  
  25  2:57  Command Center  
  25  3:02  Orbital Command  
  25  3:14  SCV  
  25  3:17  Hellion x2  
  25  3:19  Marine  
  31  3:26  SCV  
  32  3:28  SCV  
  32  3:34  Refinery  
  31  3:47  Hellion x2, Marine  
  36  3:48  SCV x2  
  38  4:00  SCV x2  
  40  4:06  Factory  
  40  4:08  Factory  
  40  4:09  Orbital Command  
  40  4:13  SCV x2  
  44  4:24  Hellion x2, Supply Depot  
  44  4:25  SCV x2  
  48  4:35  SCV  
  48  4:37  SCV x2  
  51  4:45  Refinery  
  51  4:46  Refinery  
  51  4:47  SCV  
  51  4:49  SCV  
  51  4:52  Factory Tech Lab, Supply Depot  
  53  4:53  Hellion x2, Factory Tech Lab  
  53  4:57  SCV  
  53  4:59  SCV  
  59  5:02  SCV  
  60  5:09  SCV  
  60  5:12  SCV  
  62  5:14  SCV  
  62  5:15  Cyclone  
  62  5:16  Cyclone  
  62  5:17  Hellion x2  
  61  5:38  Hellion x2  
  65  5:48  Siege Tank x2  
  71  5:51  SCV x2, Orbital Command  
  73  5:58  Armory  
  73  5:59  Armory  
  73  6:00  Widow Mine x2  
  77  6:06  Mag-Field Accelerator  
  77  6:07  Infernal Pre-Igniter  
  77  6:08  SCV x2  
  79  6:12  Supply Depot x2  
  79  6:13  Supply Depot  
  79  6:16  SCV  
  80  6:20  SCV x2  
  82  6:28  SCV  
  82  6:30  Siege Tank, Refinery  
  82  6:31  Refinery  
  82  6:32  SCV x2  
  85  6:33  Siege Tank  
  85  6:34  Hellion  
  90  6:40  SCV  
  90  6:44  SCV  
  90  6:46  SCV  
  86  6:50  Factory  
  86  6:51  Factory  
  86  6:53  SCV  
  87  6:59  SCV x2  
  88  7:05  SCV  
  88  7:07  Supply Depot  
  88  7:09  Supply Depot  
  88  7:11  SCV x2, Terran Vehicle And Ship Armor Level 1, Terran Vehicle Weapons Level 1  
  88  7:15  Cyclone  
  93  7:17  SCV  
  93  7:19  Siege Tank  
  97  7:23  SCV x2  
  97  7:29  Hellion x2, SCV  
  104  7:34  Supply Depot  
  104  7:35  SCV x2  
  106  7:37  Supply Depot  
  106  7:40  Factory Tech Lab x2  
  106  7:41  SCV  
  107  7:47  Cyclone, SCV x2  
  115  7:51  Cyclone  
  115  7:53  SCV  
  116  7:58  Command Center  
  116  7:59  SCV  
  116  8:00  Supply Depot x2  
  116  8:01  Cyclone  
  116  8:02  Cyclone  
  123  8:09  Engineering Bay  
  123  8:10  Hellion x2  
  127  8:16  Factory  
  127  8:17  Factory  
  127  8:18  Factory  
  127  8:20  Cyclone  
  127  8:23  Cyclone  
  133  8:28  Supply Depot  
  133  8:29  Supply Depot  
  133  8:30  Supply Depot  
  133  8:32  Hellion  
  133  8:33  Hellion  
  137  8:43  Missile Turret  
  137  8:45  Missile Turret  
  137  8:47  Missile Turret  
  124  8:52  Cyclone x3  
  116  9:03  Missile Turret  
  116  9:04  Cyclone  
  116  9:05  Hellion x2  
  116  9:09  Factory Tech Lab x3  
  123  9:10  Missile Turret  
  123  9:11  Factory Reactor  
  123  9:24  Cyclone  
  123  9:25  Cyclone x2  
  108  9:46  Hellion x2, Cyclone x3  
  121  9:56  Cyclone  
  124  10:04  Cyclone x2  
  124  10:05  Hellion x2  
  134  10:18  Cyclone x2, Planetary Fortress  
  140  10:22  Refinery  
  140  10:23  Refinery  
  140  10:25  Supply Depot  
  140  10:29  Missile Turret  
  140  10:33  Missile Turret  
  140  10:38  Missile Turret x2, Cyclone x3  
  140  10:39  Hellion x4  
  140  10:40  Hellion  
  159  10:54  SCV  
  159  10:55  SCV x2  
  162  11:06  Command Center  
  162  11:07  Cyclone, SCV x2  
  162  11:09  Command Center  
  164  11:15  Cyclone x2  
  170  11:29  Cyclone x2  
  176  11:42  Hellion x3  
  156  12:01  Siege Tank x3  
  156  12:02  Cyclone x2  
  156  12:08  Hellion x3  
  163  12:16  Terran Vehicle Weapons Level 2  
  163  12:17  Terran Vehicle And Ship Armor Level 2  
  163  12:18  Ghost Academy  
  163  12:31  Orbital Command  
  163  12:33  SCV, Command Center  
  163  12:34  SCV  
  165  12:50  Refinery  
  165  12:54  Refinery  
  165  12:55  Thor x2  
  163  13:12  Thor x2  
  151  13:13  Siege Tank  
  133  13:31  Siege Tank  
  133  13:32  Hellion x2  
  134  13:38  Siege Tank x2  
  135  13:45  Siege Tank  
  135  13:47  Planetary Fortress  
  138  13:55  Siege Tank x2  
  144  13:58  Orbital Command  
  144  14:10  Thor  
  150  14:23  Factory Tech Lab  
  150  14:32  Thor x4  
  150  14:34  Hellion x2  
  150  14:35  Barracks Tech Lab  
  178  14:38  Personal Cloaking  
  176  14:59  Orbital Command  
  176  15:01  Factory Reactor  
  176  15:04  Ghost  
  178  15:10  Barracks, Terran Vehicle Weapons Level 3, Terran Vehicle And Ship Armor Level 3  
  178  15:11  Barracks  
  178  15:16  Hellion x2, Thor  
  184  15:28  SCV x6  
  185  15:35  Command Center  
  190  15:41  Ghost  
  192  15:53  Thor  
  192  16:13  Ghost, Barracks Tech Lab x2  
  176  16:51  Factory Reactor  
  176  16:53  Ghost x2  
  180  16:54  Ghost  
  180  16:55  Sensor Tower  
  180  16:57  Thor x3  
  200  17:11  Sensor Tower  
  200  17:20  Command Center  
  200  17:23  Command Center  
  200  17:25  Starport x2  
  200  17:27  Command Center, Starport  
  200  17:33  Planetary Fortress  
  200  17:38  Refinery  
  200  17:45  Refinery  
  163  18:24  Thor x3  
  171  18:28  Siege Tank x3, Hellion  
  171  18:29  Ghost x3, Hellion x2  
  192  18:34  Starport Reactor  
  192  18:35  Starport Reactor, Starport Tech Lab  
  192  18:39  Command Center  
  192  18:42  Hellion  
  194  18:50  Hellion x3  
  166  19:04  Hellion, Liberator x2  
  166  19:09  Siege Tank x6  
  148  19:17  Orbital Command  
  148  19:20  Ghost x3  
  160  19:31  Hellion x3  
  166  19:37  Missile Turret  
  166  19:49  Siege Tank x2  
  166  19:50  Siege Tank  
  173  20:04  Siege Tank  
  173  20:05  Siege Tank x2, Hellion  
  173  20:06  Hellion  
  186  20:11  Ghost x2  
  185  20:16  Liberator x2  
  185  20:17  Liberator  
  185  20:18  Planetary Fortress  
  185  20:26  SCV x2  
  187  20:32  Ghost  
  187  20:34  Refinery  
  198  20:38  Fusion Core, Planetary Fortress  
  179  20:55  Ghost x2  
  173  21:01  Ghost  
  175  21:06  Thor x2  
  187  21:12  Nuke  
  181  21:19  Orbital Command  
  181  21:27  Sensor Tower  
  181  21:29  Sensor Tower  
  181  21:35  Refinery  
  181  21:38  Thor  
  181  21:39  Thor x2  
  199  21:40  Refinery  
  182  22:07  Thor x3  
  197  22:09  Hellion  
  191  22:33  Hellion x2  
Tags
 
Add a new tag
Caveats
  • Supply blocks, unpowered buildings, or Contaminate may cause inaccurate times.
  • Supply counts are checked every 10 seconds.